 Dungeon Sprint DCSS version 0.27.1 (webtiles) character file.

Game seed: 16668442699784611812

254 styxcanada the Unseen (level 5, -5/29 HPs)
             Began as a Spriggan Brigand on Aug 30, 2021.
             Was an Initiate of Gozag.
             Slain by a spriggan (11 damage)
             ... in the Dungeon (Sprint IV: "Fedhas' Mad Dash").
             The game lasted 00:02:10 (501 turns).

styxcanada the Unseen (Spriggan Brigand)             Turns: 501, Time: 00:02:10

Health: -5/29      AC:  3    Str:  7    XL:     5   Next: 90%
Magic:  6/6        EV: 20    Int: 12    God:    Gozag
Gold:   154        SH:  0    Dex: 18    Spells: 4/4 levels left

rFire    . . .     SeeInvis +   a - +2 dagger
rCold    . . .     Faith    .   (shield restricted)
rNeg     . . .     Spirit   .   b - +0 robe
rPois    .         Reflect  .   (helmet restricted)
rElec    .         Harm     .   c - +0 cloak
rCorr    .         Rampage  .   (gloves unavailable)
Will     .....     NoTele   +   (boots unavailable)
Stlth    ++++++....             m - amulet of invisibility {+Inv}
HPRegen  0.09/turn              (no ring)
MPRegen  0.10/turn              (no ring)

@: slightly contaminated, very quick
A: very small, no large weapons, unfitting armour, see invisible, speed 3
a: Renounce Religion, Evoke Invisibility, Potion Petition, Call Merchant, Bribe
Branch


You were in the Dungeon.
You worshipped Gozag.
Gozag was aware of your devotion.
You visited 1 branch You collected 154 gold pieces.

Inventory:

Hand Weapons
 a - a +2 dagger (weapon)
Missiles
 o - 11 stones (quivered)
Armour
 b - a +0 robe (worn)
 c - a +0 cloak (worn)
Jewellery
 m - the amulet of invisibility (around neck) {+Inv}
   (You found it in the Dungeon)

   [amulet of nothing]

   +Inv:      It lets you turn invisible.
Scrolls
 k - a scroll of blinking
 l - a scroll of amnesia {unknown}
 n - a scroll of enchant armour {unknown}
Potions
 f - a potion of curing
 g - a potion of heal wounds
 h - a potion of haste
 i - 2 potions of magic
 j - a potion of berserk rage


   Skills:
 * Level 3.6 Fighting
 + Level 3.3 Short Blades
 + Level 4.0 Throwing
 * Level 5.5 Dodging
 * Level 15.2 Stealth
 + Level 1.4 Evocations


You had 4 spell levels left.
You didn't know any spells.
Your spell library was empty.

Dungeon Overview and Level Annotations

Branches:
Dungeon (1/1)

Altars:
Cheibriados
Dithmenos
Elyvilon
Gozag
Hepliaklqana
Kikubaaqudgha
Makhleb
Nemelex Xobeh
Okawaru
Qazlal
Ru
Sif Muna
Trog
Uskayaw
Vehumet
Wu Jian
Xom
Yredelemnul
Zin
The Shining One
Beogh
Jiyva
Lugonu


Innate Abilities, Weirdness & Mutations

You are very small and have problems with some larger weapons.
You are too small for most types of armour.
You have supernaturally acute eyesight. (SInv)
You cover ground extremely quickly. (Speed+++)


Message History

You throw a poisoned dart. The poisoned dart hits the spriggan.
The spriggan closely misses you.
Throw: 3 darts (poison)
Press: ? - help, Q - select action, (/) - cycle Shift-Dir - straight line, f/p - spriggan
Aim: a spriggan, wielding a +0 short sword, wearing a +0 robe and wearing a +0 buckler (38% to hit)
You throw a poisoned dart. The poisoned dart misses the spriggan.
The spriggan misses you.
You flicker back into view.
There is an open door here.
Throw: 2 darts (poison)
Press: ? - help, Q - select action, (/) - cycle Shift-Dir - straight line, f/p - spriggan
Aim: a spriggan, wielding a +0 short sword, wearing a +0 robe and wearing a +0 buckler (38% to hit)
You throw a poisoned dart.
The poisoned dart closely misses the spriggan.
The spriggan hits you with a +0 short sword.
Throw: dart (poison)
Press: ? - help, Q - select action, (/) - cycle Shift-Dir - straight line, f/p - spriggan
Aim: a spriggan, wielding a +0 short sword, wearing a +0 robe and wearing a +0 buckler (38% to hit)
You throw a poisoned dart. The poisoned dart hits the spriggan.
The spriggan is poisoned.
The spriggan hits you with a +0 short sword!
* * * LOW HITPOINT WARNING * * *
There is an open door here.
You see here a +0 club.
Throw: 2 darts (curare)
Press: ? - help, Q - select action, (/) - cycle Shift-Dir - straight line, f/p - spriggan
Aim: a spriggan, wielding a +0 short sword, wearing a +0 robe and wearing a +0 buckler (lightly wounded, poisoned, 38% to hit)
You throw a curare-tipped dart.
The curare-tipped dart barely misses the spriggan.
The spriggan misses you.
The spriggan looks more healthy.
There is an open door here.
Throw: dart (curare)
Press: ? - help, Q - select action, (/) - cycle Shift-Dir - straight line, f/p - spriggan
Aim: a spriggan, wielding a +0 short sword, wearing a +0 robe and wearing a +0 buckler (lightly wounded, 38% to hit)
You throw a curare-tipped dart.
The curare-tipped dart closely misses the spriggan.
The spriggan hits you with a +0 short sword!
You die...
Your body crumbles into a pile of gold.

#####################
#<..P#.....#.....#.⌠.
#P..@i.)...((#.i('.._
#PPPP#.....#.#...#...
###############+##.._
#._. $ $####


$$$$ You could see a spriggan.

Vanquished Creatures
  2 scorpions (D)
  3 oklob saplings (D)
  A spriggan (D)
  A river rat (D)
  A rat (D)
8 creatures vanquished.

Vanquished Creatures (others)
  A fungus (D)
1 creature vanquished.

Grand Total: 9 creatures vanquished

Notes
Turn   | Place    | Note
-------+----------+-------------------------------------------
     0 | D        | styxcanada the Spriggan Brigand began the quest for the
                  | Orb.
     0 | D        | Reached XP level 1. HP: 10/10 MP: 2/2
    13 | D        | Reached skill level 7 in Stealth
    13 | D        | Reached XP level 2. HP: 15/15 MP: 3/3
    22 | D        | Reached skill level 8 in Stealth
    35 | D        | Noticed an oklob sapling
    37 | D        | Killed an oklob sapling
    38 | D        | Reached skill level 10 in Stealth
    38 | D        | Reached XP level 3. HP: 19/19 MP: 4/4
    39 | D        | Noticed a scorpion
    39 | D        | Found the amulet of invisibility {+Inv}
    60 | D        | Killed a scorpion
    61 | D        | Reached skill level 12 in Stealth
    61 | D        | Reached XP level 4. HP: 8/23 MP: 5/5
    67 | D        | HP: 1/23 [poisoned by a scorpion]
   415 | D        | Found an opulent altar of Gozag.
   415 | D        | Found a hazy altar of Hepliaklqana.
   415 | D        | Found a burning altar of Makhleb.
   415 | D        | Found a sparkling altar of Nemelex Xobeh.
   415 | D        | Found a snail-covered altar of Cheibriados.
   415 | D        | Found a sacrificial altar of Ru.
   415 | D        | Found a shimmering blue altar of Sif Muna.
   415 | D        | Found a shimmering altar of Xom.
   415 | D        | Found a basalt altar of Yredelemnul.
   416 | D        | Found a viscous altar of Jiyva.
   416 | D        | Found a bloodstained altar of Trog.
   416 | D        | Found an ornate altar of the Wu Jian Council.
   417 | D        | Found an iron altar of Okawaru.
   417 | D        | Found a shadowy altar of Dithmenos.
   417 | D        | Found a glowing silver altar of Zin.
   418 | D        | Found an ancient bone altar of Kikubaaqudgha.
   418 | D        | Found a hide-covered altar of Uskayaw.
   419 | D        | Found a stormy altar of Qazlal.
   419 | D        | Found a white marble altar of Elyvilon.
   419 | D        | Found a glowing golden altar of the Shining One.
   420 | D        | Became a worshipper of Gozag Ym Sagoz the Greedy
   421 | D        | Found a corrupted altar of Lugonu.
   421 | D        | Found a radiant altar of Vehumet.
   425 | D        | Reached skill level 13 in Stealth
   425 | D        | Reached XP level 5. HP: 28/28 MP: 3/6
   437 | D        | Reached skill level 14 in Stealth
   460 | D        | Reached skill level 5 in Dodging
   460 | D        | Reached skill level 1 in Evocations
   462 | D        | Reached skill level 15 in Stealth
   501 | D        | Slain by a spriggan

Illustrated notes

Levels and vault maps discovered:
D:        dungeon_sprint_fedhas [sprint_temple]

Skill      XL: |  1  2  3  4  5 |
---------------+----------------+-----
Dodging        | 2 3 4 5 |  5.5
Stealth        | 7 10 12 13 15 | 15.2
Fighting       | 2 3 |  3.6
Throwing       | 3 4 |  4.0
Short Blades   | 3 |  3.3
Evocations     | 1 |  1.4

Action                   |  1- 3 |  4- 6 || total
-------------------------+-------+-------++-------
Melee: Dagger            |     5 |     6 ||    11
Throw: Dart              |    10 |     8 ||    18
 Abil: Evoke Invisibilit |       |     2 ||     2
 Stab: Sleeping          |     1 |     3 ||     4
       Invisible         |       |     1 ||     1
Dodge: Dodged            |     4 |     7 ||    11
